 Dungeon Crawl Stone Soup version 0.31-a0-845-g9abc20d24f (webtiles) character file.

Game seed: 5996175975879626956

686160 Ethylacetat the Shapeless Octopus (level 27, -19/209 HPs)
             Began as an Octopode Shapeshifter on Oct 3, 2023.
             Was an Initiate of Gozag.
             Demolished by Ereshkigal (26 damage)
             ... while paralysed by Ereshkigal
             ... on level 7 of Tartarus.
             The game lasted 03:00:26 (60808 turns).

Ethylacetat the Shapeless Octopus (OpSh)           Turns: 60808, Time: 03:00:26

Health: -19/209    AC: 13    Str: 23    XL:     27
Magic:  39/39      EV:  2    Int: 14    God:    Gozag
Gold:   2744       SH:  0    Dex: 37    Spells: 40/50 levels left

rFire   + +          +
                       - Unarmed
rCold   + + +        (shield currently unavailable)
rNeg    + + +        (helmet currently unavailable)
rPois   ∞            B - amulet "Gearoefarr" {Rampage Regen+}
rElec   +            y - ring of Wuisa {rPois rC+ Slay+2}
rCorr   +            Y - ring of Mopugol {rC+ rN++ Str+6 Int-2 Dex+2}
SInv    +            P - ring "Hittyng" {*Corrode Fly rF+ Dex+6}
Will    ++...        S - ring of the Octopus King {rCorr HP+2 AC+2 EV+2 SH+2}
Stlth   +++          b - ring of willpower
HPRegen 1.34/turn    R - ring of the Rhinotaur {rF+ rN+ Int+6}
MPRegen 0.26/turn    i - ring "Uqom" {Str+2 Int-3 Dex+6 Slay+6 Stlth+}
                     r - ring "Taheibas" {rF+ rC+ Will+ SInv}

%: corrode self (3%), clarity, rampage
@: paralysed, storm-form, silenced, corroded, blinkbolt cooldown, flying,
slowed, studying 2 skills, weak-willed
A: cleaving, insubstantial, flying, almost no armour, amphibious, 8 rings,
(camouflage 1), (gelatinous body 1), (nimble swimmer 1), (tentacles), clarity,
(electricity resistance), wild magic 1, MP-powered wands, noise suppression
}: 5/15 runes: barnacled, slimy, silver, icy, gossamer
a: Blinkbolt, Begin Untransformation, Renounce Religion


You were on level 7 of Tartarus.
You worshipped Gozag.
Gozag was most pleased with you.
You were a lightning-filled tempest!
You visited 15 branches of the dungeon, and saw 67 of its levels.
You also visited: Sewer, Bailey, Ice Cave and Desolation.

You collected 35366 gold pieces.
You spent 6763 gold pieces at shops.
You paid 25859 gold pieces to Gozag.

Inventory:

Missiles
 w - 12 throwing nets (quivered)
Jewellery
 b - a ring of willpower (on tentacle)
 i - the ring "Uqom" (on tentacle) {Str+2 Int-3 Dex+6 Slay+6 Stlth+}
   (You found it on level 3 of the Elven Halls)

   [ring of dexterity]

   Str+2:     It affects your strength (+2).
   Int-3:     It affects your intelligence (-3).
   Dex+6:     It affects your dexterity (+6).
   Slay+6:    It affects your accuracy & damage with ranged weapons and melee
   (+6).
   Stlth+:    It makes you more stealthy.
 r - the ring "Taheibas" (on tentacle) {rF+ rC+ Will+ SInv}
   (You bought it in a shop on level 3 of the Elven Halls)

   [ring of see invisible]

   rF+:       It protects you from fire.
   rC+:       It protects you from cold.
   Will+:     It increases your willpower.
   SInv:      It lets you see invisible.
 x - the ring of the Kappa {rC++ rCorr EV+5 Int-4}
   (You acquired it on level 5 of the Dungeon)

   [ring of evasion]

   EV+5:      It affects your evasion (+5).
   Int-4:     It affects your intelligence (-4).
   rC++:      It greatly protects you from cold.
   rCorr:     It protects you from acid and corrosion.
 y - the ring of Wuisa (left tentacle) {rPois rC+ Slay+2}
   (You found it in the Desolation of Salt)

   [ring of protection from cold]

   Slay+2:    It affects your accuracy & damage with ranged weapons and melee
   (+2).
   rC+:       It protects you from cold.
   rPois:     It protects you from poison
 B - the amulet "Gearoefarr" (around neck) {Rampage Regen+}
   (You found it on level 3 of the Depths)

   [amulet of regeneration]

   Regen+:    It increases your rate of health regeneration.
   Rampage:   It bestows one free step when moving towards enemies.
 P - the ring "Hittyng" (on tentacle) {*Corrode Fly rF+ Dex+6}
   (You took it off a vault guard on level 5 of the Vaults)

   [ring of flight]

   Dex+6:     It affects your dexterity (+6).
   rF+:       It protects you from fire.
   Fly:       It grants you flight.
   *Corrode:  It may corrode you when you take damage.
 R - the ring of the Rhinotaur (on tentacle) {rF+ rN+ Int+6}
   (You bought it in a shop on level 5 of the Lair of Beasts)

   [ring of intelligence]

   Int+6:     It affects your intelligence (+6).
   rF+:       It protects you from fire.
   rN+:       It protects you from negative energy.
 S - a ring of the Octopus King (on tentacle) {rCorr HP+2 AC+2 EV+2 SH+2}
   (You bought it in a shop on level 5 of the Lair of Beasts)

   [ring of resist corrosion]

   AC+2:      It affects your AC (+2).
   EV+2:      It affects your evasion (+2).
   HP+2:      It affects your health (+2).
   rCorr:     It protects you from acid and corrosion.
   SH+2:      It affects your SH (+2).
 Y - the ring of Mopugol (right tentacle) {rC+ rN++ Str+6 Int-2 Dex+2}
   (You found it in the Desolation of Salt)

   [ring of strength]

   Str+6:     It affects your strength (+6).
   Int-2:     It affects your intelligence (-2).
   Dex+2:     It affects your dexterity (+2).
   rC+:       It protects you from cold.
   rN++:      It greatly protects you from negative energy.
Talismans
 p - a storm talisman (active)
 M - a granite talisman
Wands
 E - a wand of digging (26)
 K - a wand of quicksilver (28)
 L - a wand of iceblast (49)
Scrolls
 d - 28 scrolls of identify
 g - 16 scrolls of blinking
 k - a scroll of torment
 o - 22 scrolls of teleportation
 t - 9 scrolls of immolation
 u - 4 scrolls of silence
 A - 3 scrolls of revelation
 D - 9 scrolls of fear
 G - 4 scrolls of summoning
 N - 5 scrolls of enchant armour
 Q - 6 scrolls of fog
 X - 5 scrolls of poison
Potions
 a - 8 potions of lignification
 c - a potion of brilliance
 e - 23 potions of curing
 f - 6 potions of mutation
 h - a potion of berserk rage
 j - 11 potions of attraction
 l - 23 potions of enlightenment
 m - 12 potions of haste
 n - 16 potions of heal wounds
 q - 3 potions of invisibility
 s - 10 potions of cancellation
 v - 11 potions of ambrosia
 z - 4 potions of resistance
 H - 3 potions of magic
 T - 6 potions of might
Miscellaneous
 I - a sack of spiders
 W - a phial of floods


   Skills:
 + Level 22.2 Fighting
 + Level 22.3 Dodging
 + Level 22.3 Unarmed Combat
 + Level 12.2 Spellcasting
 + Level 13.2 Translocations
 - Level 8.0 Air Magic
 O Level 27 Shapeshifting


You had 40 spell levels left.
You knew the following spells:

 Your Spells              Type           Power      Damage    Failure   Level
a - Blink                 Tloc           100%       N/A       1%          2
b - Vhi's Electric Charg  Tloc/Air       98%        N/A       2%          4
c - Manifold Assault      Tloc           56%        N/A       1%          4

Your spell library contained the following spells:

 Spells                   Type           Power      Damage    Failure   Level
 Apportation              Tloc           100%       N/A       1%          1
 Lesser Beckoning         Tloc           100%       N/A       1%          2
 Momentum Strike          Conj/Tloc      70%        3d9       1%          2
 Gell's Gravitas          Tloc           56%        N/A       1%          3
 Swiftness                Air            40%        N/A       1%          3
 Teleport Other           Tloc           56%        N/A       1%          3
 Passage of Golubria      Tloc           56%        N/A       1%          4
 Shock                    Conj/Air       100%       1d9       3%          1
 Static Discharge         Conj/Air       50%        2-5/arc   4%          2
 Airstrike                Air            20%        2d(3-19)  5%          4
 Cigotuvi's Dreadful Rot  Necr/Pois/Air  40%        N/A       7%          2
 Dimensional Bullseye     Hex/Tloc       17%        N/A       9%          4
 Iskenderun's Mystic Bla  Conj/Tloc      35%        2d8       9%          4
 Foxfire                  Conj/Fire      44%        2x1d6     13%         1
 Freeze                   Ice            44%        1d6       13%         1
 Kiss of Death            Conj/Necr      44%        2d8       13%         1
 Magic Dart               Conj           44%        1d5       13%         1
 Necrotise                Necr           44%        1d6       13%         1
 Slow                     Hex            44%        N/A       13%         1
 Sting                    Tmut/Pois      44%        1d5       13%         1
 Summon Small Mammal      Summ           44%        N/A       13%         1
 Mephitic Cloud           Conj/Pois/Air  20%        N/A       13%         3
 Call Imp                 Summ           22%        N/A       19%         2
 Ensorcelled Hibernation  Hex/Ice        22%        N/A       19%         2
 Jinxbite                 Hex            22%        N/A       19%         2
 Passwall                 Tmut/Erth      9%         N/A       19%         2
 Searing Ray              Conj           22%        2d5       19%         2
 Wereblood                Tmut           11%        N/A       19%         2
 Summon Lightning Spire   Summ/Air       25%        N/A       22%         4
 Summon Forest            Summ/Tloc      17%        N/A       22%         5
 Call Canine Familiar     Summ           11%        N/A       34%         3
 Confusing Touch          Hex            11%        N/A       34%         3
 Frozen Ramparts          Ice            22%        1d4       34%         3
 Hailstorm                Conj/Ice       11%        3d5       34%         3
 Ignite Poison            Fire/Tmut/Pois 11%        N/A       34%         3
 Inner Flame              Hex/Fire       11%        N/A       34%         3
 Ozocubu's Armour         Ice            11%        N/A       34%         3
 Sigil of Binding         Hex            11%        N/A       34%         3
 Stone Arrow              Conj/Erth      22%        3d8       34%         3
 Summon Guardian Golem    Hex/Summ       11%        N/A       34%         3
 Tukima's Dance           Hex            11%        N/A       34%         3
 Vampiric Draining        Necr           11%        2d6       34%         3
 Arcjolt                  Conj/Air       12%        1d22      50%         5
 Silence                  Hex/Air        12%        N/A       50%         5
 Freezing Cloud           Conj/Ice/Air   10%        6-21      69%         5
 Anguish                  Hex/Necr       5%         N/A       71%         4
 Brom's Barrelling Bould  Conj/Erth      11%        2d3       71%         4
 Cause Fear               Hex            5%         N/A       71%         4
 Leda's Liquefaction      Hex/Erth       5%         N/A       71%         4
 Petrify                  Tmut/Erth      11%        N/A       71%         4
 Sticky Flame             Conj/Fire      11%        2d3       71%         4
 Summon Ice Beast         Ice/Summ       11%        N/A       71%         4
 Alistair's Intoxication  Tmut/Pois      7%         N/A       96%         5
 Borgnjor's Vile Clutch   Necr/Erth      5%         N/A       96%         5
 Irradiate                Conj/Tmut      5%         3d13      96%         5
 Iskenderun's Battlesphe  Conj           11%        2d7       96%         5
 Lee's Rapid Deconstruct  Erth           5%         3d6*      96%         5
 Metabolic Englaciation   Hex/Ice        5%         N/A       96%         5
 Summon Mana Viper        Hex/Summ       11%        N/A       96%         5
 Yara's Violent Unravell  Hex/Tmut       5%         3d4       96%         5
 Plasma Beam              Fire/Air       12%        2x1d23    96%         6
 Malign Gateway           Summ/Tloc      17%        N/A       99%         7
 Bombard                  Conj/Erth      5%         9d2       100%        6
 Death Channel            Necr           5%         N/A       100%        6
 Eringya's Noxious Bog    Tmut/Pois      5%         4d6       100%        6
 Starburst                Conj/Fire      5%         6d4       100%        6
 Enfeeble                 Hex            5%         N/A       100%        7
 Haunt                    Necr/Summ      5%         N/A       100%        7
 Ozocubu's Refrigeration  Ice            5%         4d8       100%        7
 Spellforged Servitor     Conj/Summ      5%         N/A       100%        7
 Summon Hydra             Summ           5%         N/A       100%        7
 Borgnjor's Revivificati  Necr           5%         N/A       100%        8
 Discord                  Hex            5%         N/A       100%        8
 Ignition                 Fire           5%         3d4       100%        8
 Infestation              Necr           5%         N/A       100%        8
 Lehudib's Crystal Spear  Conj/Erth      5%         10d3      100%        8
 Maxwell's Capacitive Co  Air            20%        ∞         100%        8
 Summon Horrible Things   Summ           5%         N/A       100%        8
 Death's Door             Necr           5%         N/A       100%        9
 Fire Storm               Conj/Fire      5%         8d2       100%        9
 Polar Vortex             Ice            5%         N/A       100%        9
 Animate Armour           Summ/Erth      Unusable   N/A       N/A         4
 Animate Dead             Necr           Unusable   N/A       N/A         4
 Simulacrum               Ice/Necr       Unusable   N/A       N/A         6

Dungeon Overview and Level Annotations

Branches:
Dungeon (15/15)            Temple (1/1) D:5            Lair (5/5) D:9
 Shoals (4/4) Lair:2       Spider (4/4) Lair:3        Slime (5/5) Lair:5
    Orc (2/2) D:12            Elf (3/3) Orc:2        Vaults (5/5) D:13
  Crypt (3/3) Vaults:2       Tomb (1/3) Crypt:3      Depths (4/4) D:15
   Hell (visited)             Dis (0/7) Hell            Geh (0/7) Hell
    Coc (7/7) Hell            Tar (7/7) Hell            Zot (0/5) Depths:4
  Sewer (visited)          Bailey (visited)           IceCv (visited)
Desolation (visited)

Altars:
Ashenzari
Cheibriados
Dithmenos
Elyvilon
Fedhas
Gozag
Hepliaklqana
Kikubaaqudgha
Makhleb
Nemelex Xobeh
Okawaru
Qazlal
Ru
Sif Muna
Trog
Uskayaw
Vehumet
Wu Jian
Xom
Yredelemnul
Zin
The Shining One
Lugonu

Shops:
D:4 ?   D:5 ?((*=   D:11 :*   D:13 =   D:14 (   D:15 ???   Orc:2 *=:[:
Elf:1 ?   Elf:2 ?=   Elf:3 =:   Lair:5 =   Vaults:2 (   Hell *?:=*(?
Depths:2 *

Portals:
Hell: Depths:1 Depths:2 Depths:3 Depths:4
Abyss: Depths:1 Depths:3
Pandemonium: Depths:2
Ziggurat: Depths:4

Annotations:
D:3 2 transporters, Ethylacetat's ghost, amateur OpSh
Tar:7 Ereshkigal


Innate Abilities, Weirdness & Mutations

You are a lightning-filled tempest!
Your electrical attacks strike out in all directions at once.
You are incredibly evasive.
Your insubstantial body is immune to petrification, constriction, and being set on fire You are flying.
Your armour is entirely melded.
You are incapable of wielding weapons or throwing items.
You cannot wear most types of armour.
You are amphibious.
You can wear up to eight rings at the same time.
You are immune to poison.
((Your skin changes colour to match your surroundings (Stealth+).))
((Your rubbery body absorbs attacks. (AC +1, EV +1)))
((You are camouflaged when in or above water. (Stealth+)))
((You have tentacles for arms and can constrict up to eight enemies at once.))
You possess an exceptional clarity of mind.
((You are resistant to electric shocks. (rElec)))
Your spells are a little harder to cast, but a little more powerful.
You expend magic power (3 MP) to strengthen your wands.
You passively dampen the noise of your surroundings.


Message History

You buffet Ereshkigal!
Ereshkigal is lightly wounded.
You closely miss the Tzitzimitl. Ereshkigal gestures at you.
You resist with some effort. The Tzitzimitl gestures at you.
The bolt of negative energy misses Ereshkigal.
The bolt of negative energy misses you. The Tzitzimitl engulfs you.
The Tzitzimitl drains your vigour!
You feel yourself slow down. The Tzitzimitl completely misses you.
You closely miss Ereshkigal.
Ereshkigal is lightly wounded.
You blast the Tzitzimitl!!!
Ereshkigal gestures at you.
You suddenly lose the ability to move!
Ereshkigal gestures at you. You resist with some effort.
The Tzitzimitl calls on the powers of darkness!
Your body is wracked with pain!
The Tzitzimitl engulfs you. The Tzitzimitl bites you! Ereshkigal hits you.
The Tzitzimitl calls on the powers of darkness!
Your body is wracked with pain!
* * * LOW HITPOINT WARNING * * *
The Tzitzimitl gestures at you.
The bolt of negative energy hits you but does no damage.
You resist. Ereshkigal hits you!
* * * LOW HITPOINT WARNING * * *
Your corrosive artefact corrodes you!
Ereshkigal hits you!!
* * * LOW HITPOINT WARNING * * *
The Tzitzimitl engulfs you but does no damage.
The Tzitzimitl bites you.
* * * LOW HITPOINT WARNING * * *
The Tzitzimitl gestures at you.
The bolt of negative energy hits Ereshkigal.
Ereshkigal completely resists.
The bolt of negative energy hits you but does no damage.
You resist. Ereshkigal hits you!!
You die...
Your body crumbles into a pile of gold.

# ####### ####.....#
...###...# ##########
##...##..#+#........#+
.###..##'##..........##
...##..(.#......1.....#
##..##..##...1.&v...1.#
.##..#..#..............#
..##.##.#..............#
#..#..#.#....##''##....#
##.##.#.#...##....##...#
.#..#.#.##. #......#..##
.##.#....# ##......##.#
..#.#....# #........# #
#.#.#....# #........#


You could see Ereshkigal (unsilenced) and 3 Tzitzimimeh.

Vanquished Creatures
  Antaeus (Coc:7)
  the Royal Jelly (Slime:5)
  6 dread liches
  An ancient lich (Coc:3)
  Mara (Depths:3)
  Sojobo (Vaults:2)
  The ghost of Tang the Slayer, a master DsGl of Makhleb (Vaults:4)
  Josephina (Depths:3)
  12 shard shrikes
  5 royal mummies (Tomb:1)
  Boris (twice) (Depths:3 Vaults:4)
  Saint Roka (Depths:3)
  Geryon (Hell)
  Norris (Elf:1)
  12 profane servitors
  Nikola (Spider:2)
  7 golden dragons
  8 Tzitzimimeh
  17 bone dragons
  Arachne (Spider:2)
  11 doom hounds
  Rupert (Orc:2)
  4 tentacled monstrosities
  A walking crystal tome (Depths:3)
  23 tainted leviathans
  14 Ice Fiends
  A shard shrike skeleton (Crypt:2)
  3 deep elf blademasters
  A quicksilver dragon (Vaults:5)
  6 liches
  A walking divine tome (Depths:3)
  13 titans
  15 acid blobs
  2 deep elf master archers (Elf:3)
  10 sphinxes
  6 storm dragons
  A shadow dragon (Vaults:5)
  Agnes (Spider:2)
  Aizul (Shoals:4)
  A revenant (Crypt:3)
  9 tengu reavers
  The ghost of Yjimoseergh the Spry, an adept SpFE of Dithmenos (Vaults:3)
  10 narguns
  Donald (Spider:2)
  8 fire giants
  5 deep elf sorcerers
  8 frost giants
  2 iron dragons
  12 vault wardens
  8 rockslimes
  A draconian scorcher (Depths:4)
  3 emperor scorpions (Spider:4)
  11 azure jellies
  9 ghost moths
  A spectral caustic shrike (Tar:6)
  4 imperial myrmidons (Desolation)
  A balrug (Hell)
  A juggernaut zombie (Crypt:3)
  12 shard shrike simulacra
  2 ghouls (Crypt:1)
  4 deep elf elementalists (Elf:3)
  3 curse skulls
  2 orc warlords
  2 spectral juggernauts
  4 spriggan defenders
  8 quicksilver oozes
  19 ironbound preservers
  3 broodmothers
  A caustic shrike zombie (Crypt:3)
  12 reapers
  9 formless jellyfish
  11 very ugly things
  2 war gargoyles (Vaults:5)
  4 ironbound thunderhulks
  4 vampire knights
  A juggernaut skeleton (Crypt:3)
  A formless jellyfish (shapeshifter) (Vaults:5)
  13 stone giants
  28 elemental wellsprings
  10 deep elf demonologists
  18 putrid mouths
  A white draconian (Depths:4)
  15 wendigos
  3 deep elf annihilators (Elf:3)
  A yellow draconian (Depths:4)
  2 black draconians (Depths:4)
  A lorocyproca (Hell)
  A red draconian (Depths:4)
  A purple draconian (Depths:4)
  2 halazid warlocks (Desolation)
  A crystal guardian (Vaults:2)
  2 spark wasps
  8 dire elephants
  2 spectral titans (Tar:1)
  2 iron golems (Hell)
  5 mummy priests
  8 merfolk javelineers
  13 ettins
  13 eidola
  2 blizzard demons (Hell)
  An entropy weaver (shapeshifter) (Vaults:5)
  10 deep elf death magi
  22 yaktaur captains
  4 jiangshi
  8 fire dragons
  2 spectral iron giants
  4 spectral spriggans
  4 spriggan zombies
  11 ragged hierophants (Desolation)
  11 merfolk impalers
  4 deep elf high priests
  3 spectral krakens (Tar:7)
  14 great orbs of eyes
  The ghost of EnjSadman the Cleaver, a journeyman MiBe of Trog (D:11)
  9 ice dragons
  Harold (D:11)
  10 entropy weavers
  3 jorogumos
  27 vault guards
  7 servants of whispers
  2 ogre magi (Orc:2)
  8 caustic shrike simulacra
  2 fenstrider witch zombies
  9 hydras
  2 juggernaut simulacra
  2 catoblepae
  3 rakshasas
  4 radroaches (Spider:3)
  6 peacekeepers
  5 spriggan air magi
  6 boulder beetles
  A spectral stone giant (Tar:1)
  12 centaur warriors
  A merfolk avatar (Shoals:4)
  An alligator snapping turtle (Shoals:4)
  2 fenstrider witch skeletons (Crypt:3)
  17 two-headed ogres
  2 death knights (Crypt:1)
  12 ironbound frosthearts
  18 dancing weapons
  3 satyrs
  12 death scarabs
  2 deep troll earth magi (Depths:1)
  4 merfolk aquamancers
  3 hell hogs (Hell)
  6 tengu warriors
  The ghost of caelrath the Blocker, a novice DjFE of Makhleb (D:9)
  6 deep troll shamans
  11 demonic crawlers
  2 orc high priests
  6 spriggan berserkers
  2 titan zombies (Crypt:3)
  2 spectral dire elephants (Tar:1)
  5 sun demons
  4 hell knights (Depths:4)
  3 vampire magi
  2 spectral nagas
  7 soul eaters
  5 pharaoh ants
  16 deep elf knights
  8 iron trolls
  5 skeletal warriors (D:15)
  A golden dragon zombie (Crypt:1)
  2 shadow wraiths
  5 skysharks
  A sea snake (shapeshifter) (Depths:2)
  A titan skeleton (Crypt:3)
  2 spectral bunyips (Tar:1)
  2 sun moths (Spider:2)
  5 anaconda zombies
  A spectral anaconda (Tar:2)
  A salamander mystic (Depths:3)
  33 deep trolls
  13 orb spiders
  18 sea snakes
  10 quicksilver dragon simulacra
  5 flayed ghosts
  9 spriggan simulacra
  12 deep elf archers
  An orange crystal statue (IceCv)
  11 lindwurms
  9 wizards
  A golden dragon skeleton (Crypt:1)
  4 glowing orange brains
  14 phantasmal warriors
  2 bog bodies (Crypt:1)
  A jorogumo zombie (Crypt:2)
  16 necromancers
  17 ironbound convokers
  A wolf spider (shapeshifter) (Depths:3)
  29 deep elf pyromancers
  7 steelbarb worms
  An anaconda skeleton (Crypt:3)
  A wolf spider zombie (D:15)
  21 wolf spiders
  12 harpies
  10 fauns
  7 orc knights
  An iron dragon zombie (Crypt:3)
  3 shining eyes
  25 ugly things
  2 orc sorcerers
  41 deep elf zephyrmancers
  An alligator zombie (Crypt:1)
  A fire giant zombie (Vaults:4)
  27 manticores
  11 elephants
  3 moths of wrath
  2 salamanders (Depths:3)
  11 cyclopes
  A smoke demon (Hell)
  7 merfolk sirens
  A naga zombie (Crypt:3)
  10 water nymphs
  2 eyes of devastation
  3 centaur zombies
  2 rust devils (Hell)
  A spectral centaur (Tar:1)
  16 vault sentinels
  3 naga magi (D:15)
  7 torpor snails
  A dire elephant zombie (Crypt:3)
  5 black mambas
  10 molten gargoyles
  2 ice statues (Hell)
  A guardian serpent (Desolation)
  15 cane toads
  5 titan simulacra
  3 centaur skeletons
  A sea snake zombie (Hell)
  4 gargoyles
  5 hellions
  7 rime drakes
  7 unseen horrors
  A naga skeleton (Crypt:3)
  10 spectral swamp worms (Tar:7)
  A human zombie (Vaults:4)
  Maggie (D:8)
  A dire elephant skeleton (Crypt:3)
  A kobold demonologist (Bailey)
  9 tormentors
  A white draconian skeleton (Crypt:1)
  10 komodo dragons
  17 yaktaurs
  20 trolls
  7 tengu conjurers
  An efreet (D:15)
  43 merfolk
  A catoblepas skeleton (Crypt:1)
  20 freezing wraiths
  2 silent spectres
  12 guardian mummies (Tomb:1)
  A red draconian skeleton (Crypt:1)
  2 golden dragon simulacra
  5 iron giant simulacra
  A queen bee (D:11)
  3 spectral harpies
  14 anaconda simulacra
  2 harpy zombies
  6 meliai
  3 sea snake skeletons (Hell)
  12 hornets
  A shadow dragon simulacrum (Coc:1)
  3 polar bears
  13 hellwings (Crypt:3)
  Prince Ribbit (D:6)
  A hydra zombie (Hell)
  A tyrant leech (shapeshifter) (Vaults:5)
  46 saltlings
  10 wind drakes
  Grinder (D:6)
  A harpy skeleton (D:15)
  33 tarantellas
  19 blink frogs
  A stone giant simulacrum (Coc:2)
  3 hydra skeletons (Hell)
  2 ettin zombies (Crypt:3)
  13 dream sheep
  An iron dragon simulacrum (Coc:3)
  37 jumping spiders
  11 snapping turtles
  2 fire giant simulacra
  A black mamba zombie (Crypt:3)
  Sigmund (D:5)
  A spectral black mamba (Tar:1)
  4 large abominations (Depths:3)
  8 air elementals
  53 slime creatures
  4 centaur simulacra
  3 naga simulacra
  25 water elementals
  7 spriggans
  10 wraiths
  2 shadows
  29 culicivoras
  47 yaks
  A vampire (D:11)
  9 wyverns
  4 basilisks
  2 fire elementals (Elf:1)
  8 ushabtiu
  8 dire elephant simulacra
  An alligator snapping turtle simulacrum (Coc:2)
  A fire bat (shapeshifter) (Elf:3)
  6 golden eyes (Slime:5)
  4 chaos spawn (Depths:3)
  10 steam dragons
  75 redbacks
  8 wargs
  2 vampire mosquitoes (D:10)
  19 harpy simulacra
  8 hydra simulacra
  2 floating eyes (Depths:2)
  An entropy weaver zombie (Crypt:2)
  8 hell hounds
  21 water moccasins
  A glowing shapeshifter skeleton (Vaults:4)
  2 ice beasts (D:5)
  36 orc warriors
  A deep troll skeleton (Crypt:3)
  4 ettin simulacra
  23 ogres
  A black bear (D:5)
  A boggart (Vaults:4)
  5 wolves
  9 centaurs
  A blink frog skeleton (Crypt:2)
  2 phantoms
  6 kobold brigands
  17 bullfrogs
  A gnoll sergeant (D:9)
  8 scorpions
  4 earth elementals
  Blork the orc (D:6)
  2 human simulacra (Depths:3)
  8 wights
  9 wyvern skeletons (Crypt:3)
  24 killer bees (D:11)
  2 lindwurm simulacra (IceCv)
  3 spriggan skeletons
  10 electric eels
  A troll skeleton (Crypt:2)
  10 howler monkeys
  5 lava snakes (Lair:5)
  A jelly (D:5)
  15 orc priests
  2 gnoll boudas
  2 hounds (D:5)
  Crazy Yiuf (D:2)
  2 sleepcaps (D:5)
  Terence (D:2)
  4 iguanas
  25 orc wizards
  3 polar bear simulacra (Lair:3)
  A yak simulacrum (Lair:3)
  3 small abominations (Depths:3)
  7 wolf simulacra (Lair:3)
  A sky beast zombie (Crypt:1)
  A tengu skeleton (Crypt:2)
  A hound skeleton (Crypt:1)
  23 mummies
  20 gnolls
  3 river rats
  A steam dragon zombie (Crypt:2)
  11 adders
  A shadow imp (D:6)
  A white imp (D:6)
  2 ufetubi
  5 worms
  4 dart slugs
  62 orcs
  21 ball pythons
  15 bats
  5 endoplasms
  8 giant cockroaches
  24 goblins
  11 hobgoblins
  9 jackals (Sewer)
  8 quokkas
  4 frilled lizards
  A jackal skeleton (Crypt:2)
  39 kobolds
  A kobold skeleton (Crypt:2)
  6 rats
  3 tentacles (Tar:7)
2822 creatures vanquished.

Vanquished Creatures (collateral kills)
  A yak (D:9)
1 creature vanquished.

Vanquished Creatures (others)
  Asterion (Vaults:2)
  A draconian stormcaller (Depths:4)
  A caustic shrike simulacrum (Coc:7)
  A skyshark (Shoals:1)
  2 quicksilver dragon simulacra
  A merfolk siren (Shoals:4)
  2 titan simulacra
  2 anaconda simulacra (Coc:7)
  2 merfolk
  An iron dragon simulacrum (Coc:1)
  A stone giant simulacrum (Coc:1)
  A redback (Spider:2)
  A harpy simulacrum (Coc:4)
  An orc warrior (Depths:3)
  A boggart (Vaults:4)
  A wight (D:8)
  2 orc wizards
  An ufetubus (D:7)
  4 orcs
  9 tentacles (Tar:7)
36 creatures vanquished.

Grand Total: 2859 creatures vanquished

Notes
Turn   | Place    | Note
-------+----------+-------------------------------------------
     0 | D:1      | Ethylacetat the Octopode Shapeshifter began the quest for
                  | the Orb.
     0 | D:1      | Reached XP level 1. HP: 13/13 MP: 1/1
   114 | D:1      | Found a faded altar of an unknown god.
   363 | D:1      | Reached XP level 2. HP: 14/18 MP: 2/2
   789 | D:2      | Reached XP level 3. HP: 21/23 MP: 3/3
   843 | D:2      | Noticed Terence
   845 | D:2      | Reached skill level 4 in Shapeshifting
   856 | D:2      | Killed Terence
   857 | D:2      | Reached XP level 4. HP: 9/28 MP: 4/4
  1237 | D:2      | Reached skill level 5 in Shapeshifting
  1438 | D:2      | Reached XP level 5. HP: 28/33 MP: 5/5
  1853 | D:2      | Found a runed translucent door.
  1854 | D:2      | Noticed Crazy Yiuf
  1861 | D:2      | Killed Crazy Yiuf
  2037 | D:3      | Found a transporter.
  2038 | D:3      | Noticed Ethylacetat's ghost (amateur OpSh)
  2076 | D:3      | Found a transporter.
  2627 | D:4      | Found a glowing drain.
  2647 | Sewer    | Entered a sewer
  2800 | Sewer    | Reached skill level 6 in Shapeshifting
  2812 | Sewer    | Reached XP level 6. HP: 38/38 MP: 6/6
  3478 | D:4      | Reached skill level 7 in Shapeshifting
  3478 | D:4      | Reached XP level 7. HP: 37/43 MP: 7/7
  3809 | D:4      | Found Sonuwuch's Magic Scroll Shoppe.
  3822 | D:4      | Bought a scroll of poison for 48 gold pieces
  3822 | D:4      | Bought a scroll of noise for 12 gold pieces
  3822 | D:4      | Bought a scroll of identify for 24 gold pieces
  3822 | D:4      | Bought a scroll of teleportation for 36 gold pieces
  4268 | D:5      | Entered Level 5 of the Dungeon
  4294 | D:5      | Noticed Sigmund
  4306 | D:5      | Killed Sigmund
  4307 | D:5      | Reached skill level 8 in Shapeshifting
  4307 | D:5      | Reached XP level 8. HP: 34/50 MP: 8/8
  4367 | D:5      | Found Myowiv's General Store.
  4398 | D:5      | Found Waguad's Jewellery Shop.
  4403 | D:5      | Found Yclofixo's Antique Weapon Shoppe.
  4584 | D:5      | Identified the ring "Eqycviw" {rN+ MP+9 EV+5 Str-5}
  4871 | D:5      | Found an ornate altar of the Wu Jian Council.
  4879 | D:5      | Found Xoxzoned's Weapon Shoppe.
  4934 | D:5      | Found an iron altar of Okawaru.
  4975 | D:5      | Found Qukhlanis's Magic Scroll Boutique.
  5066 | D:5      | Found a staircase to the Ecumenical Temple.
  5090 | Temple   | Entered the Ecumenical Temple
  5095 | Temple   | Became a worshipper of Gozag Ym Sagoz the Greedy
  5201 | D:5      | Bought 3 scrolls of identify for 66 gold pieces
  5294 | D:6      | Reached XP level 9. HP: 58/58 MP: 9/9
  5378 | D:6      | Reached skill level 5 in Unarmed Combat
  5460 | D:6      | Noticed Blork the orc
  5467 | D:6      | Killed Blork the orc
  5580 | D:6      | Noticed Prince Ribbit
  5603 | D:6      | Killed Prince Ribbit
  5673 | D:6      | Reached skill level 5 in Dodging
  5673 | D:6      | Reached skill level 9 in Shapeshifting
  5754 | D:6      | Noticed Grinder
  5757 | D:6      | Paralysed by Grinder for 4 turns
  5765 | D:6      | Killed Grinder
  6037 | D:7      | Reached skill level 5 in Fighting
  6611 | D:8      | Noticed Maggie
  6635 | D:8      | Reached XP level 10. HP: 37/67 MP: 10/10
  6895 | D:8      | Killed Maggie
  8072 | D:9      | Noticed a two-headed ogre
  8073 | D:9      | Found a staircase to the Lair.
  8097 | D:9      | Killed a two-headed ogre
  8098 | D:9      | Reached skill level 10 in Shapeshifting
  8133 | D:9      | Reached XP level 11. HP: 75/75 MP: 11/11
  8198 | D:9      | Found a flagged portal.
  8235 | Bailey   | Entered a bailey
  8661 | Bailey   | Found an iron altar of Okawaru.
  8663 | Bailey   | Noticed an orc high priest
  8684 | Bailey   | Noticed a sun demon
  8848 | Bailey   | Killed an orc high priest
  9050 | D:9      | Noticed a two-headed ogre
  9050 | D:9      | Noticed a two-headed ogre
  9057 | D:9      | Killed a two-headed ogre
  9059 | D:9      | Noticed a two-headed ogre
  9063 | D:9      | Killed a two-headed ogre
  9104 | D:9      | Killed a two-headed ogre
  9119 | D:9      | Reached skill level 11 in Shapeshifting
  9513 | D:9      | Found a runed translucent door.
  9514 | D:9      | Found a shimmering altar of Xom.
  9514 | D:9      | Noticed caelrath's ghost (novice DjFE)
  9522 | D:9      | Noticed a +2 trident of chaos
  9888 | D:9      | Killed a +2 trident of chaos
  9896 | D:9      | Killed caelrath's ghost
  9897 | D:9      | Reached XP level 12. HP: 67/84 MP: 12/12
 10005 | D:10     | Entered Level 10 of the Dungeon
 10535 | D:10     | Noticed a two-headed ogre
 10541 | D:10     | Killed a two-headed ogre
 11240 | D:11     | Noticed Harold
 11263 | D:11     | Killed Harold
 11264 | D:11     | Reached skill level 10 in Unarmed Combat
 11358 | D:11     | Noticed a two-headed ogre
 11360 | D:11     | Found a runed translucent gate.
 11360 | D:11     | Found a runed translucent gate.
 11365 | D:11     | Killed a two-headed ogre
 11453 | D:11     | Found a runed translucent gate.
 11639 | D:11     | Noticed EnjSadman's ghost (journeyman MiBe)
 11675 | D:11     | Found Jiugiz's Neck Hole.
 11685 | D:11     | Bought an amulet of regeneration for 360 gold pieces
 11743 | D:11     | Identified the +6 rapier "Roebboj" {elec, Dex+2}
 11850 | D:11     | Reached skill level 10 in Dodging
 12317 | D:12     | Reached skill level 10 in Fighting
 12326 | D:12     | Reached skill level 12 in Shapeshifting
 12534 | D:12     | Noticed a centaur warrior
 12544 | D:12     | Killed a centaur warrior
 12545 | D:12     | Reached XP level 13. HP: 72/92 MP: 13/13
 12626 | D:12     | Found a staircase to the Orcish Mines.
 12669 | D:12     | Noticed a stone giant
 12704 | D:12     | Killed a stone giant
 13553 | D:13     | Found Oqobb's Jewellery Boutique.
 13570 | D:13     | Bought a granite talisman for 1040 gold pieces
 13579 | D:13     | Bought a ring of resist corrosion for 260 gold pieces
 13820 | D:13     | Found a gate to the Vaults.
 14058 | Lair:1   | Entered Level 1 of the Lair of Beasts
 14876 | Lair:2   | Reached skill level 13 in Shapeshifting
 14958 | Lair:2   | Identified the +4 rapier "Hell-Harrower" {drain, rC+++ rN+
                  | rCorr Dex-5}
 15000 | Lair:2   | Found a staircase to the Shoals.
 15060 | Lair:2   | Reached XP level 14. HP: 95/101 MP: 14/14
 15920 | Lair:3   | You fall into a shaft and drop 2 floors!
 15920 | Lair:5   | Entered Level 5 of the Lair of Beasts
 16352 | Lair:3   | Reached skill level 14 in Shapeshifting
 16370 | Lair:3   | Found a hole to the Spider Nest.
 16484 | Lair:3   | Noticed a dire elephant
 16499 | Lair:3   | Killed a dire elephant
 16541 | Lair:3   | Got a vellum book
 18174 | Lair:5   | Found a staircase to the Slime Pits.
 18221 | Lair:5   | Reached XP level 15. HP: 109/109 MP: 15/15
 18736 | Lair:5   | Found a large runed translucent door.
 18834 | Lair:5   | Found a large runed translucent door.
 18841 | Lair:5   | Reached skill level 15 in Shapeshifting
 18872 | Lair:5   | Bought the ring of the Rhinotaur {rF+ rN+ Int+6} for 975
                  | gold pieces
 18872 | Lair:5   | Bought a ring of the Octopus King {rCorr HP+2 AC+2 EV+2
                  | SH+2} for 1015 gold pieces
 18872 | Lair:5   | Found the ring of the Octopus King {rCorr HP+2 AC+2 EV+2
                  | SH+2}
 19382 | Orc:1    | Entered Level 1 of the Orcish Mines
 19578 | Orc:2    | Entered Level 2 of the Orcish Mines
 20064 | Orc:2    | Found a staircase to the Elven Halls.
 20065 | Orc:2    | Noticed an orc warlord
 20077 | Orc:2    | Killed an orc warlord
 20078 | Orc:2    | Noticed Rupert
 20113 | Orc:2    | Killed Rupert
 20284 | Orc:2    | Found Mico's Antique Armour Shop.
 20285 | Orc:2    | Found Yssoxydgh's Jewellery Emporium.
 20288 | Orc:2    | Found Vont's Book Emporium.
 20290 | Orc:2    | Found Atyokk's Book Shoppe.
 20314 | Orc:2    | Bought a ring of protection from cold for 250 gold pieces
 20609 | Spider:1 | Entered Level 1 of the Spider Nest
 20679 | Spider:1 | Reached XP level 16. HP: 117/117 MP: 16/16
 20742 | Spider:1 | Reached skill level 16 in Shapeshifting
 21914 | Spider:2 | Noticed Nikola
 21924 | Spider:2 | Killed Nikola
 22112 | Spider:2 | Noticed Donald
 22141 | Spider:2 | Killed Donald
 22317 | Spider:2 | Identified the +0 robe of the Apothecary {-Tele rF+ rC+
                  | rN++}
 22360 | Spider:2 | Noticed Arachne
 22370 | Spider:2 | Noticed Agnes
 22372 | Spider:2 | Killed Arachne
 22373 | Spider:2 | Reached skill level 17 in Shapeshifting
 22376 | Spider:2 | Killed Agnes
 22649 | Spider:3 | Reached XP level 17. HP: 125/125 MP: 17/17
 24009 | Spider:4 | Entered Level 4 of the Spider Nest
 24195 | Spider:4 | Reached skill level 15 in Unarmed Combat
 24374 | Spider:4 | Reached skill level 18 in Shapeshifting
 24392 | Spider:4 | Reached skill level 15 in Dodging
 24860 | Spider:4 | Identified the orb of Uckeare {guile, Int+3 SInv}
 24887 | Spider:4 | Reached skill level 15 in Fighting
 24887 | Spider:4 | Reached XP level 18. HP: 134/134 MP: 18/18
 24891 | Spider:4 | Got a gossamer rune of Zot
 25235 | Orc:2    | Bought a ring of flight for 175 gold pieces
 25425 | Shoals:1 | Entered Level 1 of the Shoals
 27827 | Shoals:3 | Reached skill level 19 in Shapeshifting
 27961 | Shoals:4 | Entered Level 4 of the Shoals
 28026 | Shoals:4 | Identified the +1 trident "Zimno" {holy, rPois Str+4}
 28067 | Shoals:4 | Noticed Aizul
 28090 | Shoals:4 | Killed Aizul
 28444 | Shoals:4 | Reached XP level 19. HP: 141/141 MP: 19/19
 29072 | Shoals:4 | Got a barnacled rune of Zot
 29416 | D:11     | Killed EnjSadman's ghost
 29550 | D:14     | Found a radiant altar of Vehumet.
 29873 | D:14     | Found Yruacw's Weapon Boutique.
 30102 | D:15     | Entered Level 15 of the Dungeon
 30149 | D:15     | Got an embossed book
 30237 | D:15     | Found a staircase to the Depths.
 30799 | D:15     | Bought a scroll of blinking for 127 gold pieces
 30905 | Elf:1    | Entered Level 1 of the Elven Halls
 31054 | Elf:1    | Identified the +6 arbalest of Equivalence {freeze, Dex+5}
 31061 | Elf:1    | Found Qoil's Magic Scroll Boutique.
 31078 | Elf:1    | Bought a scroll of blinking for 82 gold pieces
 31078 | Elf:1    | Bought a scroll of teleportation for 33 gold pieces
 31113 | Elf:1    | Noticed an Ice Fiend
 31114 | Elf:1    | Reached skill level 20 in Shapeshifting
 31114 | Elf:1    | Noticed a Brimstone Fiend
 31162 | Elf:1    | Got a fusty book
 31482 | Elf:1    | Noticed Norris
 31495 | Elf:1    | Killed Norris
 31917 | Elf:2    | Found a crumbling gateway.
 31922 | Desolati | Entered the Desolation of Salt
 31961 | Desolati | Reached XP level 20. HP: 149/149 MP: 20/20
 32112 | Desolati | Identified the +1 long sword of Anekhibe {protect, rElec
                  | rPois rF+ rC- Str+5}
 32339 | Desolati | Identified the ring of Mopugol {rC+ rN++ Str+6 Int-2 Dex+2}
 32362 | Desolati | Identified the +10 shortbow of Vieleav {drain, rN+}
 32368 | Desolati | Identified the ring of Wuisa {rPois rC+ Slay+2}
 32377 | Desolati | Identified the +3 leather armour "Amieshot" {Str+2 Int+3
                  | Dex-4 Stlth+}
 32554 | Desolati | Got a curling book
 32556 | Desolati | Got an exquisite book
 32559 | Desolati | Identified the +7 flail "Cethromn" {drain, Str+3}
 32617 | Desolati | Got a curious book
 32806 | Desolati | Identified the +4 scale mail of Gravitas {+Inv Will- Int+2
                  | Dex+3}
 32853 | Elf:2    | Found Pysened's Jewellery Shoppe.
 32861 | Elf:2    | Bought the ring "Wegifa" {Dex+4 Slay+3 SInv} for 774 gold
                  | pieces
 32995 | Elf:2    | Found a huge runed translucent gate.
 32995 | Elf:2    | Found a huge runed translucent gate.
 33005 | Elf:2    | Found a huge runed translucent gate.
 33006 | Elf:2    | Found a huge runed translucent gate.
 33007 | Elf:2    | Found a huge runed translucent gate.
 33674 | Elf:3    | Entered Level 3 of the Elven Halls
 33726 | Elf:3    | Reached skill level 21 in Shapeshifting
 33732 | Elf:3    | Found a frozen archway.
 33736 | IceCv    | Entered an ice cave
 33767 | IceCv    | Found a transporter.
 33778 | IceCv    | Found a transporter.
 33821 | IceCv    | Identified the +9 glaive of the Boiling Point {drain, rPois
                  | Will+ Int+3 SInv}
 34052 | Elf:3    | Paralysed by an air elemental for 1 turns
 34149 | Elf:3    | Paralysed by an air elemental for 1 turns
 34417 | Elf:3    | Found Xiantytt's Book Boutique.
 34525 | Elf:3    | Reached XP level 21. HP: 156/156 MP: 21/21
 34631 | Elf:3    | Identified the +2 spear of the Hammering Jester {flame,
                  | *Slow Str+6}
 34633 | Elf:3    | Identified the ring of Vuff {rElec rN++ Will+ rCorr Dex-5}
 34635 | Elf:3    | Identified the +3 broad axe "Tuschucs" {protect, Str+3}
 34733 | Elf:3    | Identified the +0 dire flail "Heffyluss" {protect, *Rage
                  | rN+ rCorr SInv}
 34748 | Elf:3    | Identified the +9 long sword of Doom {flame, rF+ Int+3}
 34770 | Elf:3    | Identified the ring "Uqom" {Str+2 Int-3 Dex+6 Slay+6
                  | Stlth+}
 35001 | Elf:3    | Bought the ring "Taheibas" {rF+ rC+ Will+ SInv} for 540
                  | gold pieces
 35195 | Depths:1 | Entered Level 1 of the Depths
 35414 | Depths:1 | Found a corrupted altar of Lugonu.
 35414 | Depths:1 | Found a one-way gate to the infinite horrors of the Abyss.
 35584 | Depths:1 | Found a gateway to Hell.
 35732 | Depths:1 | Identified the +6 scale mail of the Game of Life {rN+
                  | Int+3}
 36062 | Depths:1 | Found a shimmering altar of Xom.
 36064 | Depths:1 | Found an iron altar of Okawaru.
 36064 | Depths:1 | Found a sacrificial altar of Ru.
 36066 | Depths:1 | Found a shimmering altar of Xom.
 36066 | Depths:1 | Found a hazy altar of Hepliaklqana.
 36066 | Depths:1 | Found a shadowy altar of Dithmenos.
 36278 | Depths:2 | Got a resplendent book
 36330 | Depths:2 | Found a one-way gate leading to the halls of Pandemonium.
 37193 | Depths:3 | Reached skill level 22 in Shapeshifting
 37416 | Depths:3 | Noticed Saint Roka
 37416 | Depths:3 | Noticed Boris
 37422 | Depths:3 | Killed Boris
 37425 | Depths:3 | Identified the ring "Zaroahuv" {Ice rElec}
 37425 | Depths:3 | Noticed Josephina
 37430 | Depths:3 | Killed Josephina
 37444 | Depths:3 | Reached XP level 22. HP: 161/165 MP: 22/22
 37460 | Depths:3 | Killed Saint Roka
 37700 | Depths:3 | Noticed a golden dragon
 37702 | Depths:3 | Noticed a dread lich
 37702 | Depths:3 | Noticed a golden dragon
 37712 | Depths:3 | Killed a dread lich
 37720 | Depths:3 | Killed a golden dragon
 37729 | Depths:3 | Killed a golden dragon
 37922 | Depths:3 | Found the +8 arc blade {discharge, rElec}
 37929 | Depths:3 | Identified the amulet "Gearoefarr" {Rampage Regen+}
 38037 | Depths:3 | Noticed a golden dragon
 38042 | Depths:3 | Killed a golden dragon
 38126 | Depths:3 | Noticed Mara
 38134 | Depths:3 | Noticed Ethylacetat's illusion
 38137 | Depths:3 | Killed Mara
 38454 | Depths:3 | Identified the +3 morningstar "Uhemec" {holy, rF+ Str+2
                  | Int+6 Dex-4}
 38467 | Depths:3 | Learned a level 2 spell: Blink
 38472 | Depths:3 | Learned a level 4 spell: Vhi's Electric Charge
 38477 | Depths:3 | Learned a level 4 spell: Manifold Assault
 38754 | Depths:4 | Entered Level 4 of the Depths
 38813 | Depths:4 | Found a shadowy altar of Dithmenos.
 38903 | Depths:4 | Found a one-way gateway to a ziggurat.
 38903 | Depths:4 | Noticed a dread lich
 38903 | Depths:4 | Noticed a dread lich
 38911 | Depths:4 | Killed a dread lich
 38915 | Depths:4 | Killed a dread lich
 38916 | Depths:4 | Reached skill level 1 in Spellcasting
 38916 | Depths:4 | Reached skill level 1 in Translocations
 38916 | Depths:4 | Reached skill level 1 in Air Magic
 39025 | Depths:4 | Found a gate to the Realm of Zot.
 39025 | Depths:4 | Noticed a golden dragon
 39037 | Depths:4 | Killed a golden dragon
 40240 | Slime:1  | Entered Level 1 of the Pits of Slime
 40342 | Slime:2  | Gained mutation: You occasionally lose the ability to drink
                  | potions when taking damage. [a shining eye]
 40443 | Slime:3  | Reached skill level 23 in Shapeshifting
 40516 | Slime:4  | Reached XP level 23. HP: 172/172 MP: 26/26
 40542 | Slime:5  | Entered Level 5 of the Pits of Slime
 40653 | Slime:5  | Noticed the Royal Jelly
 40666 | Slime:5  | Killed the Royal Jelly
 40794 | Slime:5  | Gained mutation: Your body sometimes deteriorates upon
                  | taking damage. [a shining eye]
 40795 | Slime:5  | Gained mutation: You are vulnerable to cold. (rC-) [a
                  | shining eye]
 40798 | Slime:5  | Gained mutation: You are frail. (-10% HP) [a shining eye]
 40825 | Slime:5  | Gained mutation: You are clumsy. (Dex -2) [a shining eye]
 40826 | Slime:5  | Gained mutation: You occasionally shout uncontrollably at
                  | your foes. [a shining eye]
 40830 | Slime:5  | Gained mutation: You have hidden genetic defects. [a
                  | shining eye]
 40835 | Slime:5  | Gained mutation: You are dopey. (Int -2) [a shining eye]
 40838 | Slime:5  | Gained mutation: Your spells are a little easier to cast,
                  | but a little less powerful. [a shining eye]
 41076 | Slime:5  | Identified the staff of Recklessness {rPois rC+ rN+ Int-2
                  | Poison}
 41140 | Slime:5  | Got a slimy rune of Zot
 41141 | Slime:5  | Identified the ring "Uthel" {*Slow rPois rN+ SInv}
 41158 | Slime:5  | Identified the +6 shortbow of the Hugging Soothsayer
                  | {heavy, Int+3 Dex-5 Stlth+}
 41450 | Slime:5  | Identified the ring of the Priest {*Slow rElec rPois Will+}
 41455 | Slime:5  | Got an antique book
 41522 | Slime:5  | Identified the +6 war axe of Inflation {drain, rC+}
 41848 | Vaults:1 | Entered Level 1 of the Vaults
 41972 | Vaults:1 | Identified the +1 sling "Gaklem" {drain, rN+ Int+3}
 42097 | Vaults:1 | Lost mutation: You are clumsy. (Dex -2) [potion of
                  | mutation]
 42097 | Vaults:1 | Lost mutation: You are dopey. (Int -2) [potion of mutation]
 42097 | Vaults:1 | Lost mutation: Your body sometimes deteriorates upon taking
                  | damage. [potion of mutation]
 42097 | Vaults:1 | Gained mutation: You are resistant to electric shocks.
                  | (rElec) [potion of mutation]
 42097 | Vaults:1 | Gained mutation: One of your tentacles bears a spike.
                  | [potion of mutation]
 42098 | Vaults:1 | Lost mutation: One of your tentacles bears a spike. [potion
                  | of mutation]
 42098 | Vaults:1 | Lost mutation: Your spells are a little easier to cast, but
                  | a little less powerful. [potion of mutation]
 42098 | Vaults:1 | Gained mutation: You possess an exceptional clarity of
                  | mind. [potion of mutation]
 42098 | Vaults:1 | Gained mutation: Your spells are a little harder to cast,
                  | but a little more powerful. [potion of mutation]
 42098 | Vaults:1 | Gained mutation: You are agile. (Dex +4, Str/Int -1)
                  | [potion of mutation]
 42098 | Vaults:1 | Lost mutation: You have hidden genetic defects. [potion of
                  | mutation]
 42099 | Vaults:1 | Lost mutation: You are resistant to electric shocks.
                  | (rElec) [potion of mutation]
 42099 | Vaults:1 | Lost mutation: You are agile. (Dex +4, Str/Int -1) [potion
                  | of mutation]
 42099 | Vaults:1 | Lost mutation: You occasionally lose the ability to drink
                  | potions when taking damage. [potion of mutation]
 42099 | Vaults:1 | Gained mutation: You have hidden genetic defects. [potion
                  | of mutation]
 42099 | Vaults:1 | Gained mutation: You expend magic power (3 MP) to
                  | strengthen your wands. [potion of mutation]
 42099 | Vaults:1 | Gained mutation: Your natural rate of healing is unusually
                  | fast. [potion of mutation]
 42100 | Vaults:1 | Lost mutation: Your natural rate of healing is unusually
                  | fast. [potion of mutation]
 42100 | Vaults:1 | Lost mutation: You occasionally shout uncontrollably at
                  | your foes. [potion of mutation]
 42100 | Vaults:1 | Lost mutation: You are vulnerable to cold. (rC-) [potion of
                  | mutation]
 42100 | Vaults:1 | Gained mutation: You passively dampen the noise of your
                  | surroundings. [potion of mutation]
 42101 | Vaults:1 | Lost mutation: You have hidden genetic defects. [potion of
                  | mutation]
 42101 | Vaults:1 | Lost mutation: You are frail. (-10% HP) [potion of
                  | mutation]
 42101 | Vaults:1 | Gained mutation: You are resistant to electric shocks.
                  | (rElec) [potion of mutation]
 42984 | Vaults:2 | Found Ydiaprom's Antique Weapon Shop.
 43077 | Vaults:2 | Found a staircase to the Crypt.
 43254 | Vaults:2 | Noticed Sojobo
 43264 | Vaults:2 | Killed Sojobo
 43265 | Vaults:2 | Reached skill level 5 in Air Magic
 43403 | Vaults:2 | Reached skill level 5 in Translocations
 43733 | Vaults:2 | Noticed Asterion
 43736 | Vaults:2 | Killed Asterion
 44150 | Vaults:3 | Reached XP level 24. HP: 180/180 MP: 30/30
 44378 | Vaults:3 | Reached skill level 5 in Spellcasting
 44647 | Vaults:3 | Noticed Yjimoseergh's ghost (adept SpFE)
 44648 | Vaults:3 | Found a transporter.
 44648 | Vaults:3 | Identified the +1 great mace "Fiurum" {venom, rElec Will+
                  | Int+3 Stlth+}
 45176 | Vaults:3 | Found a transporter.
 45208 | Vaults:3 | Killed Yjimoseergh's ghost
 45640 | Vaults:4 | Noticed Boris
 45658 | Vaults:4 | Killed Boris
 45994 | Vaults:4 | Found a runed translucent gate.
 45994 | Vaults:4 | Found a runed translucent gate.
 45994 | Vaults:4 | Found a runed translucent gate.
 46108 | Vaults:4 | Reached skill level 24 in Shapeshifting
 46346 | Vaults:4 | Noticed Tang's ghost (master DsGl)
 46373 | Vaults:4 | Killed Tang's ghost
 46562 | Vaults:5 | Entered Level 5 of the Vaults
 46884 | Vaults:5 | Identified the +7 great sword "Sorghy" {drain, Contam rPois
                  | rC++ Int+3}
 46961 | Vaults:5 | Reached XP level 25. HP: 189/189 MP: 32/32
 47106 | Vaults:5 | Noticed a dread lich
 47112 | Vaults:5 | Killed a dread lich
 47177 | Vaults:5 | Noticed a dread lich
 47194 | Vaults:5 | Killed a dread lich
 47578 | Vaults:5 | Identified the ring "Hittyng" {*Corrode Fly rF+ Dex+6}
 47745 | Vaults:5 | Got a silver rune of Zot
 47996 | Crypt:1  | Entered Level 1 of the Crypt
 48874 | Crypt:2  | Identified the ring of the Raven {rElec rF+ Int+6 SInv}
 49141 | Crypt:3  | Entered Level 3 of the Crypt
 49240 | Crypt:3  | Found an ancient bone altar of Kikubaaqudgha.
 49490 | Crypt:3  | Noticed a dread lich
 49507 | Crypt:3  | Killed a dread lich
 49941 | Crypt:3  | Reached XP level 26. HP: 196/196 MP: 35/35
 50221 | Crypt:3  | Found a staircase to the Tomb.
 50953 | Crypt:3  | Reached skill level 25 in Shapeshifting
 51164 | Tomb:1   | Entered Level 1 of the Tomb of the Ancients
 51744 | Tomb:1   | Noticed a royal mummy
 51745 | Tomb:1   | Noticed a royal mummy
 51753 | Tomb:1   | Killed a royal mummy
 51755 | Tomb:1   | Killed a royal mummy
 52124 | Tomb:1   | Noticed a royal mummy
 52124 | Tomb:1   | Noticed a royal mummy
 52124 | Tomb:1   | Noticed a royal mummy
 52128 | Tomb:1   | Killed a royal mummy
 52136 | Tomb:1   | Killed a royal mummy
 52137 | Tomb:1   | Killed a royal mummy
 52657 | Hell     | Entered the Vestibule of Hell
 52657 | Hell     | Noticed Geryon
 52665 | Hell     | Killed Geryon
 52814 | Hell     | Found a gateway to the decaying netherworld of Tartarus.
 52915 | Hell     | Found a gateway to the ashen valley of Gehenna.
 53085 | Hell     | Found a gateway to the Iron City of Dis.
 53221 | Hell     | Found a gateway to the freezing wastes of Cocytus.
 53349 | Coc:1    | Entered Level 1 of Cocytus
 53593 | Coc:1    | Reached skill level 10 in Translocations
 54048 | Coc:2    | Noticed a shard shrike
 54050 | Coc:2    | Noticed a shard shrike
 54055 | Coc:2    | Killed a shard shrike
 54058 | Coc:2    | Killed a shard shrike
 54143 | Coc:3    | Noticed an ancient lich
 54149 | Coc:3    | Killed an ancient lich
 54150 | Coc:3    | Reached XP level 27. HP: 180/204 MP: 36/36
 55016 | Coc:5    | Reached skill level 10 in Spellcasting
 55600 | Coc:6    | Reached skill level 26 in Shapeshifting
 55703 | Coc:7    | Entered Level 7 of Cocytus
 56735 | Coc:7    | Noticed Antaeus
 56762 | Coc:7    | Killed Antaeus
 56842 | Coc:7    | Got an icy rune of Zot
 56875 | Coc:7    | Found the +8 pair of quick blades "Gyre" and "Gimble"
                  | {protect}
 56878 | Coc:7    | Identified the ring "Xieprank" {rElec rN+ Will+ Dex-4}
 56881 | Coc:7    | Got a levitating book
 56933 | Coc:7    | Identified the +1 morningstar "Ezivood" {holy, Int+5 Dex-2}
 57100 | Hell     | Bought a +6 ring of strength for 504 gold pieces
 57111 | Hell     | Bought a potion of might for 192 gold pieces
 57369 | D:5      | Bought a ring of protection from fire for 250 gold pieces
 57372 | D:5      | Acquired the ring of the Kappa {rC++ rCorr EV+5 Int-4}
 57374 | D:5      | Acquired 582 gold pieces
 57663 | Tar:1    | Entered Level 1 of Tartarus
 59805 | Tar:7    | Entered Level 7 of Tartarus
 59917 | Tar:7    | Reached skill level 27 in Shapeshifting
 60641 | Tar:7    | Identified the +6 rapier of Gallantry {freeze, rElec rF+}
 60800 | Tar:7    | Noticed Ereshkigal
 60805 | Tar:7    | Paralysed by Ereshkigal for 4 turns
 60808 | Tar:7    | HP: 8/209 [Ereshkigal (30)]
 60808 | Tar:7    | Demolished by Ereshkigal

Illustrated notes

Levels and vault maps discovered:
D:1:      dpeg_arrival_rhombi, layout_basic, chequers_ecumenical_altar_simple
D:2:      layout_loops_ring, minmay_joined_circles, uniq_crazy_yiuf_cottage,
          uniq_terence
D:3:      layout_loops_ring, gammafunk_ghost_stat_death,
          hangedman_feature_mirror, kennysheep_path_1
D:4:      kennysheep_kobold_camp, layout_basic, serial_shops,
          nicolae_shop_window_shopping, cheibrodos_sewer_entry_sluice
D:5:      minmay_general_purpose_star, layout_gridville,
          nzn_wu_jian_contemplation, okawaru_ov_weapons_minmay,
          minmay_temple_entry_glassed_door, serial_shops, nicolae_shop_crystal,
          shop, shop, nicolae_shop_bloodbath_and_beyond,
          nicolae_shop_tiny_glass, minmay_misc_feat_five, uniq_sigmund
D:6:      layout_loops_ring, uniq_grinder, uniq_prince_ribbit1,
          uniq_blork_the_orc
D:7:      cheibrodos_steamvent, layout_rooms, kennysheep_decorative_pillar,
          interstate_on_off
D:8:      layout_basic, uniq_maggie
D:9:      layout_basic, minmay_lair_entry_grove, ebering_ghost_xom,
          enter_bailey_6, minmay_holes, amcnicky_mini_pool_small,
          minmay_alternating_orb
D:10:     layout_roguey
D:11:     layout_roguey [special_room_bee], gammafunk_ghost_spectres,
          nicolae_shop_sticking_my_neck_out, uniq_harold
D:12:     layout_irregular_city, orc_0_dummy, nicolae_doodle_vault
D:13:     layout_loops_cross, hellmonk_vaults_attempted_burglary, serial_shops,
          nicolae_shop_gaudy_bauble
D:14:     layout_cave_pools, serial_shops, nicolae_lakefront_shop,
          nicolae_benzene_ring, vehumet_altar_wand_db
D:15:     grunt_enter_depths_magical_seal, layout_basic, st_stairs_2,
          hex_medium, chequers_garden
Temple:   nicolae_temple_bog_church
Lair:1:   layout_regular_city, st_stairs_8
Lair:2:   layout_small_grid, minmay_shoals_entry_beasts, grunt_megastairs_1
Lair:3:   nzn_winding_woodlands_cross [nzn_winding_woodlands_5x15_pool,
          nzn_winding_woodlands_5x15_default,
          nzn_winding_woodlands_5x15_split_checker,
          nzn_winding_woodlands_5x15_twine,
          nzn_winding_woodlands_15x15_thick_spiral], layout_small_grid,
          nicolae_spider_entry_orb_guardian, eino_house_with_fridge
Lair:4:   layout_layer_cave
Lair:5:   cheibrodos_lair_end_hotspot, layout_cellular_growth, slime_entry_1
Shoals:1: layout_shoals
Shoals:2: layout_shoals, nicolae_shoals_elemental_ambush
Shoals:3: layout_shoals, nicolae_shoals_drake_roost
Shoals:4: shoals_end_simple, layout_shoals, uniq_aizul
Spider:1: layout_spider_delve
Spider:2: layout_spider_delve, hellmonk_motheaten_closet, uniq_arachne,
          uniq_nikola, uniq_donald, uniq_agnes
Spider:3: nicolae_spider_hilbert_zone_1 [nicolae_spider_hilbert_4_sides_1_open,
          nicolae_spider_hilbert_4_sides_1_open,
          nicolae_spider_hilbert_4_sides_1_open,
          nicolae_spider_hilbert_4_sides_1_open,
          nicolae_spider_hilbert_3_sides_1_open,
          nicolae_spider_hilbert_3_sides_1_open,
          nicolae_spider_hilbert_3_sides_1_open,
          nicolae_spider_hilbert_3_sides_1_open,
          nicolae_spider_hilbert_3_sides_1_open,
          nicolae_spider_hilbert_6_sides_1_open,
          nicolae_spider_hilbert_6_sides_1_open,
          nicolae_spider_hilbert_3_sides_1_open,
          nicolae_spider_hilbert_3_sides_1_open,
          nicolae_spider_hilbert_3_sides_1_open,
          nicolae_spider_hilbert_3_sides_1_open,
          nicolae_spider_hilbert_2_sides_1_open]
Spider:4: spider_rune_water
Slime:1:  cheibrodos_slime_lost_civilization_1, layout_caves, special_room
          [special_room_jelly]
Slime:2:  layout_caves, nicolae_slime_round_cave
Slime:3:  layout_caves
Slime:4:  layout_caves
Slime:5:  slime_pit_nicolae_inversion
Orc:1:    layout_diamond_mine, nicolae_orc_crystal_geode
Orc:2:    st_orc_open, layout_diamond_mine, uniq_rupert
Elf:1:    minmay_elf_arrival_summoners, layout_onion_city, serial_shops,
          nicolae_shop_tiny_real_fake_doors, minmay_elf_demonology,
          elves_outpost_lemuel, uniq_norris
Elf:2:    elven_hall_of_blades_hangedman_alternative
          [nicolae_blade_entry_diamond_columns], layout_loops_ring,
          serial_shops, nicolae_shop_tiny_statue_garden,
          portal_desolation_entry_nicolae_nacl
Elf:3:    elf_hall, layout_geoelf_octagon, portal_ice_cave_entry_pillars_four,
          serial_shops, nicolae_shop_real_fake_doors, minivault_28
Vaults:1: nicolae_vaults_little_squares_4, nicolae_vaults_closet_pinwheel_5,
          nicolae_vaults_storage_closets_2, nicolae_vaults_diagonal_hallway_8,
          nicolae_vaults_turnstiles, grunt_vaults_bifocal, nicolae_vaults_prndl,
          nicolae_vaults_storage_closets_1, nicolae_vaults_asterisk,
          nicolae_vaults_three_branches, layout_vaults_big_room
Vaults:2: nicolae_vaults_quadrants, nicolae_vaults_hexular_roomagon,
          nicolae_vaults_little_squares_4, nicolae_vaults_tetromino_T_1,
          nicolae_vaults_heart-shaped_vault, v_alt_pattern_2,
          vaults_standard_mumra_x, v_misc_29, minmay_crypt_entry_nasty_monster,
          layout_vaults_omnibox, serial_shops, shop, uniq_asterion, uniq_sojobo,
          uniq_margery
Vaults:3: gammafunk_ghost_smash, vaults_dpeg_emergency_exit,
          grunt_vaults_trifunnel, hangedman_vaults_corner_blocks,
          ontoclasm_vaults_pinch, nicolae_vaults_shelves_hall,
          ontoclasm_vaults_hangar, grunt_vaults_funnel,
          nicolae_vaults_tetromino_Z_1, layout_vaults_quadrants
Vaults:4: gammafunk_ghost_tricky_traps, nicolae_vaults_what_the_h,
          nicolae_vaults_meiosis, nicolae_vaults_shrinking_rooms_2,
          hangedman_vaults_cutoff, nicolae_vaults_apartment_1,
          nicolae_vaults_closet_pinwheel_3, nicolae_vaults_network_quincunx
          [nicolae_vaults_network_quincunx_subvault,
          nicolae_vaults_network_quincunx_subvault,
          nicolae_vaults_network_quincunx_subvault,
          nicolae_vaults_network_quincunx_subvault,
          nicolae_vaults_network_quincunx_subvault], nicolae_vaults_apartment_1,
          vaults_room_hallway, nicolae_vaults_tetromino_Z_1,
          nicolae_vaults_tetromino_T_1, nicolae_vaults_diamond_2,
          layout_vaults_maze
Vaults:5
Crypt:1:  layout_gridlike, eino_tiny_chamber, grunt_megastairs_3
Crypt:2:  layout_rooms
Crypt:3:  evilmike_haunted_forest
Tomb:1
Depths:1: layout_honeycomb, abyss_entry_flame_altar, hell_entry,
          roderic_roman_lattice, doesnt_xom_only_xom
Depths:2: constructs_gauntlet_mu_hangedman, layout_long_grid,
          infiniplex_staircase_zigzag_5, rand_demon_pan_entry_8, hell_entry,
          corexii_leaking_fountain, st_stairs_13
Depths:3: little_maze_vault, layout_cave_pools, hangedman_geh_valley,
          minmay_room_of_horrors, minmay_misc_feat_iff,
          chequers_serial_rivers_micro_a, uniq_josephina, uniq_boris,
          uniq_saint_roka, uniq_mara
Depths:4: grunt_zot_entry_tricorne, layout_basic, enter_ziggurat_c,
          serial_glass, glass_columns_a, glass_columns_c, glass_columns_a,
          glass_columns_c, glass_columns_b, glass_columns_b, hell_entry,
          grunt_dithmenos_smoke_and_mirrors
Hell
Coc:1:    layout_cocytus_water_paths
Coc:2:    layout_ice_bergs
Coc:3:    layout_cocytus_water_paths
Coc:4:    layout_ice_bergs
Coc:5:    layout_ice_bergs
Coc:6:    layout_cocytus_water_paths
Coc:7:    coc_old
Tar:1:    layout_cathedral_of_symmetry
Tar:2:    layout_grid_maze
Tar:3:    layout_catacombs
Tar:4:    nicolae_tar_entranced, layout_cathedral_of_symmetry
Tar:5:    layout_cathedral_of_symmetry
Tar:6:    layout_honeycomb
Tar:7:    tar_minmay_river

Skill      XL: |  1  2  3  4  5  6  7  8  9 10 11 12 13 14 15 16 17 18 19 20 21 22 23 24 25 26 27 |
---------------+----------------------------------------------------------------------------------+-----
Shapeshifting  | 4 5 6 7 8 9 10 11 12 13 14 15 17 18 19 20 21 22 23 24 25 27 | 27.0
Fighting       | 2 3 5 7 8 10 11 12 13 14 15 16 17 18 19 20 22 | 22.2
Dodging        | 4 5 7 9 10 11 12 13 14 15 16 17 18 19 20 22 | 22.3
Unarmed Combat | 4 6 7 9 10 11 12 13 14 15 16 17 18 19 20 21 22 | 22.3
Spellcasting   | 2 4 6 8 9 12 | 12.2
Translocations | 2 5 7 8 10 13 | 13.2
Air Magic      | 2 5 7 8 |  8.0

Action                     |  1- 3 |  4- 6 |  7- 9 | 10-12 | 13-15 | 16-18 | 19-21 | 22-24 | 25-27 || total
---------------------------+-------+-------+-------+-------+-------+-------+-------+-------+-------++-------
  Melee: Unarmed           |    45 |   201 |   286 |   671 |   867 |  1144 |  1065 |  1066 |  1522 ||  6867
         Constrict         |    11 |    59 |    54 |   111 |   109 |   236 |   228 |   141 |    64 ||  1013
         Tentacles         |     9 |    31 |       |       |   182 |   373 |   327 |   377 |   144 ||  1443
         Punch             |       |     7 |       |     4 |    74 |   152 |   175 |   192 |   319 ||   923
   Cast: Vhi's Electric Ch |       |       |       |       |       |       |       |       |    17 ||    17
 Invoke: Call Merchant     |       |       |       |     1 |     2 |       |     6 |       |     7 ||    16
Ability: Blinkbolt         |       |       |       |       |       |       |       |       |    23 ||    23
  Evoke: Wand              |       |       |       |    10 |       |     2 |     6 |     1 |     2 ||    21
         Phial of floods   |       |       |       |       |       |       |     1 |       |       ||     1
    Use: Scroll            |       |       |    11 |     7 |     8 |     7 |     2 |     4 |     3 ||    42
         Potion            |       |       |     1 |     5 |     4 |     3 |     1 |     5 |       ||    19
   Stab: Sleeping          |     3 |    16 |     3 |       |    14 |    10 |    17 |    41 |    53 ||   157
         Distracted        |       |     1 |     1 |     6 |     9 |    18 |    18 |    24 |    53 ||   130
         Invisible         |       |       |       |       |       |     6 |     6 |       |       ||    12
 Armour: Skin              |    19 |    76 |   137 |   322 |   350 |   890 |   587 |   484 |   312 ||  3177
  Dodge: Dodged            |    35 |   155 |   221 |   569 |  1272 |  3223 |  1984 |  1739 |  1619 || 10817
  Block: Other             |       |       |       |       |    18 |   138 |    97 |    81 |    67 ||   401
   Form: Anaconda          |       |     1 |       |       |       |       |       |       |       ||     1
         Statue            |       |       |       |       |     1 |       |       |       |       ||     1
         Storm             |       |       |       |       |       |       |       |       |     2 ||     2
                           |       |       |       |       |       |       |       |       |     1 ||     1

Table legend: (Time is in decaauts)
 A = Elapsed time spent in this place.
 B = Non-inter-level travel time spent in this place.
 C = Inter-level travel time spent in this place.
 D = Time resting spent in this place.
 E = Time spent auto-exploring this place.
 F = Levels seen in this place.
 G = Mean time per level.
                   A        B        C        D        E       F      G
               +--------+--------+--------+--------+--------+-----+--------+
         Total |  77011 |  69929 |   7082 |   1368 |  53201 |  71 | 1084.7 |
       Dungeon |  16718 |  14087 |   2631 |    785 |  10571 |  15 | 1114.5 |
        Temple |     10 |      6 |      4 |      0 |      0 |   1 |   10.0 |
          Lair |   8821 |   7828 |    993 |     82 |   6418 |   5 | 1764.2 |
        Shoals |   5219 |   4990 |    229 |      0 |   3790 |   4 | 1304.8 |
   Spider Nest |   6429 |   6089 |    340 |     31 |   4522 |   4 | 1607.2 |
    Slime Pits |   1971 |   1840 |    131 |    156 |    904 |   5 |  394.2 |
  Orcish Mines |   1803 |   1358 |    445 |      0 |   1003 |   2 |  901.5 |
   Elven Halls |   4586 |   4314 |    272 |      7 |   3244 |   3 | 1528.7 |
        Vaults |   8888 |   8331 |    557 |      0 |   6617 |   5 | 1777.6 |
         Crypt |   4440 |   3981 |    459 |      0 |   3064 |   3 | 1480.0 |
          Tomb |   1159 |    951 |    208 |     67 |    685 |   1 | 1159.0 |
        Depths |   6976 |   6528 |    448 |      4 |   5463 |   4 | 1744.0 |
          Hell |    722 |    657 |     65 |      0 |    475 |   1 |  722.0 |
       Cocytus |   3560 |   3357 |    203 |     32 |   2624 |   7 |  508.6 |
      Tartarus |   2987 |   2896 |     91 |    100 |   2282 |   7 |  426.7 |
         Sewer |    528 |    528 |      0 |      0 |    347 |   1 |  528.0 |
        Bailey |    761 |    761 |      0 |    102 |    328 |   1 |  761.0 |
      Ice Cave |    157 |    157 |      0 |      0 |     78 |   1 |  157.0 |
    Desolation |   1268 |   1268 |      0 |      0 |    781 |   1 | 1268.0 |
               +--------+--------+--------+--------+--------+-----+--------+

Top non-repeatable levels by time:
 Crypt:3: 2614 daAuts
  Lair:5: 2321 daAuts
Depths:3: 2250 daAuts
Spider:3: 2013 daAuts
    D:11: 1996 daAuts
Vaults:5: 1935 daAuts
  Lair:3: 1890 daAuts
Vaults:4: 1819 daAuts
   Elf:3: 1789 daAuts
Vaults:3: 1778 daAuts
  Lair:4: 1756 daAuts
Shoals:4: 1756 daAuts
Depths:2: 1726 daAuts
Vaults:2: 1690 daAuts
Vaults:1: 1665 daAuts
